 Dungeon Crawl Stone Soup version 0.25.0-9-g26727b657a (webtiles) character file.

Game seed: 15059908242224280582

21618 Krehm the Nimble (level 12, -7/100 HPs)
             Began as a Merfolk Transmuter on June 18, 2020.
             Was a Priest of Ru.
             Mangled by an orc warrior
             ... wielding a +0 short sword
             ... led by an orc warlord
              (23 damage)
             ... on level 1 of the Orcish Mines.
             The game lasted 01:54:46 (13344 turns).

Krehm the Nimble (Merfolk Transmuter)              Turns: 13344, Time: 01:54:48

Health: -7/100     AC: 10    Str: 14    XL:     12   Next: 91%
Magic:  20/24      EV: 20    Int: 13    God:    Ru [***...]
Gold:   819        SH:  0    Dex: 15    Spells: 19/27 levels left

rFire    + . .     SeeInvis .     - Unarmed
rCold    . . .     Gourm    .   (shield currently unavailable)
rNeg     + + .     Faith    .   A - +1 troll leather armour {Snorg}
rPois    .         Spirit   .   M - +1 helmet
rElec    .         Reflect  .   D - +0 cloak
rCorr    .         Harm     .   (gloves currently unavailable)
MR       .....                  f - +0 pair of boots
Stlth    ..........             e - amulet of the acrobat
HPRegen  0.66/turn              L - ring of Nemelex Xobeh's Regard {Wiz +Blink rF+ rN++}
MPRegen  0.19/turn              j - +4 ring of slaying

@: blade hands
A: change form in water, swift swim, stealthy swim, no stealth, disrupted magic
1, inexperienced 1
a: End Transformation, Draw Out Power, Renounce Religion, Evoke Blink


You were on level 1 of the Orcish Mines.
You worshipped Ru.
Ru was most pleased with you.
You were not hungry.
You had blades for hands.
You visited 3 branches of the dungeon, and saw 14 of its levels.

You collected 819 gold pieces.

Inventory:

Hand Weapons
 p - a +3 dagger of speed (melded)
Missiles
 a - 264 arrows
 b - 92 poisoned darts (quivered)
 v - 4 throwing nets
 E - 2 silver javelins
 F - 8 javelins
Armour
 f - a +0 pair of boots (worn)
 o - a +1 pair of gloves (melded)
 w - a +1 leather armour of cold resistance
 A - a +1 troll leather armour (worn) {Snorg}
 D - a +0 cloak (worn)
 M - a +1 helmet (worn)
Jewellery
 c - an uncursed ring of see invisible
 e - an amulet of the acrobat (around neck)
 j - a +4 ring of slaying (right scythe-like blade)
 L - the ring of Nemelex Xobeh's Regard (left scythe-like blade) {Wiz +Blink rF+ rN++}
   (You found it on level 10 of the Dungeon)

   [ring of wizardry]

   It improves your spell success rate.
   It protects you from fire.
   It greatly protects you from negative energy.
   It lets you blink.
Wands
 h - a wand of paralysis (18)
 m - a wand of flame (9)
 u - a wand of disintegration (2)
 G - a wand of polymorph (11)
 I - a wand of acid (8)
 N - a wand of random effects (15)
Scrolls
 k - 8 scrolls of teleportation
 q - 2 scrolls of fear
 y - a scroll of torment {unknown}
 z - 7 scrolls of remove curse {unknown}
 B - a scroll of immolation {unknown}
 C - a scroll of magic mapping {unknown}
 H - a scroll of enchant weapon
Potions
 g - 2 potions of magic
 i - 2 potions of flight
 l - 3 potions of lignification
 n - a potion of cancellation
 r - 5 potions of curing
 s - 2 potions of ambrosia
 x - 2 potions of haste
 J - a potion of heal wounds
 K - a potion of berserk rage {unknown}
Comestibles
 d - 16 rations


   Skills:
 + Level 11.0 Fighting
 - Level 4.0 Armour
 + Level 11.9 Dodging
 + Level 11.4 Unarmed Combat
 - Level 8.0 Spellcasting
 - Level 11.0 Transmutations


You had 19 spell levels left.
You knew the following spells:

 Your Spells              Type           Power        Failure   Level  Hunger
a - Beastly Appendage     Tmut           ####..       5%          1    None
b - Sticks to Snakes      Tmut           ####....     6%          2    None
c - Blade Hands           Tmut           ####......   17%         5    #####..

Your spell library contained the following spells:

 Spells                   Type           Power        Failure   Level  Hunger
 Spider Form              Tmut/Pois      ###.......   19%         3    ##.....
 Summon Small Mammal      Summ           #...         34%         1    None
 Ice Form                 Ice/Tmut       ###.....     34%         4    ####...
 Call Imp                 Summ           #.......     43%         2    None
 Call Canine Familiar     Summ           #.......     58%         3    ##.....
 Summon Guardian Golem    Hex/Summ       #.......     58%         3    ##.....
 Summon Ice Beast         Ice/Summ       #.......     86%         4    ####...
 Summon Lightning Spire   Summ/Air       #.......     86%         4    ####...


Dungeon Overview and Level Annotations

Branches:
Dungeon (11/15)            Temple (1/1) D:7            Lair (0/6) D:10
    Orc (2/2) D:10            Elf (0/3) Orc:2

Altars:
Ashenzari
Cheibriados
Dithmenos
Elyvilon
Fedhas
Gozag
Hepliaklqana
Kikubaaqudgha
Makhleb
Nemelex Xobeh
Okawaru
Qazlal
Ru
Sif Muna
Trog
Uskayaw
Vehumet
Wu Jian
Xom
Yredelemnul
Zin
The Shining One

Shops:
D:10 %[[[   Orc:1 [

Annotations:
D:1 exclusion: downstairs
D:4 exclusion: downstairs
D:7 1 runed translucent door, exclusion: door, Quickbrownfox's ghost, novice DsAK


Innate Abilities, Weirdness & Mutations

You revert to your normal form in water.
You are very nimble and swift while swimming.
You are very stealthy in the water. (Stealth+)
You cannot be stealthy.
Your casting is slightly disrupted.
You are somewhat inexperienced. (-2 XL)


Message History

You kill the orc!
The orc warrior hits you with a +0 short sword!
You hit the orc but do no damage. The orc completely misses you.
The orc warrior closely misses you.
You hit the orc.
The orc is almost dead.
The orc warrior hits you but does no damage.
The orc misses you.
You redirect the orc warrior's attack!
The orc warrior barely misses itself.
You hit the orc.
You kill the orc!
The orc warrior hits you with a +0 short sword!!
You slash the orc warrior!
The orc warrior is heavily wounded.
The orc warrior hits you with a +0 dire flail!
* * * LOW HITPOINT WARNING * * *
You focus your will and slow the orc warrior in retribution!
The orc warrior hits you with a +0 short sword!!
You die...

####........................#
...........................##
...................##....###
..........#........#....####
..........##......#.....##.##
...#.#..........#.#.........#
....#..........#........##.##
........#......)o)[....##...#
................@<[.#.####.##
...............o)....#.#####
........................#
.....#..#............#.##
.##..........###.....###
.###.#......## ##....#
###........## ##....#
..........## #.....##
.........## ##.....##


You could see 2 orc warriors.

Vanquished Creatures
  Snorg (D:11)
  Erica (D:11)
  4 two-headed ogres
  A death knight (D:11)
  An unseen horror (D:10)
  An orc sorcerer (Orc:1)
  A manticore (D:11)
  A cyclops (D:11)
  A gargoyle (D:11)
  A merfolk (D:10)
  Prince Ribbit (D:6)
  4 hippogriffs
  A vampire (D:11)
  5 humans (D:10)
  5 yaks (D:11)
  3 hungry ghosts
  3 wargs
  Edmund (D:4)
  Purgy (D:3)
  Duvessa (D:5)
  An ice beast (D:8)
  4 sky beasts
  6 orc warriors
  An eye of draining (D:9)
  3 ogres
  A phantom (D:10)
  11 centaurs
  4 bullfrogs
  Dowan (D:5)
  4 scorpions
  4 killer bees (D:10)
  10 wights
  A howler monkey (D:6)
  5 crimson imps
  A bullfrog zombie (D:5)
  2 centaur zombies
  10 orc priests
  7 hounds
  A jelly (D:5)
  A centaur skeleton (D:4)
  14 orc wizards
  3 worker ants
  5 iguanas
  Natasha (twice) (D:2)
  A worker ant zombie (D:8)
  11 gnolls
  13 adders
  3 shadow imps
  An ooze (D:1)
  An adder zombie (D:7)
  An adder skeleton (D:5)
  3 worms
  2 dart slugs
  5 leopard geckos
  54 orcs
  2 bats (D:1)
  3 giant cockroaches
  5 goblins
  9 hobgoblins
  14 jackals
  9 kobolds
  A quokka (D:9)
  4 ball pythons
  4 frilled lizards
  2 quokka skeletons
  5 rats
293 creatures vanquished.

Vanquished Creatures (collateral kills)
  Pikel (D:4)
  A phantom (D:7)
  Natasha (D:2)
  An adder (D:2)
4 creatures vanquished.

Vanquished Creatures (others)
  A two-headed ogre (D:9)
  Eustachio (D:5)
  A slave (D:5)
  An iguana (D:11)
  A worker ant (D:5)
  A gnoll (D:5)
  A quokka (D:5)
  A plant (Orc:1)
8 creatures vanquished.

Grand Total: 305 creatures vanquished

Notes
Turn   | Place    | Note
-------+----------+-------------------------------------------
     0 | D:1      | Krehm the Merfolk Transmuter began the quest for the Orb.
     0 | D:1      | Reached XP level 1. HP: 15/15 MP: 3/3
   231 | D:1      | Reached XP level 2. HP: 17/21 MP: 5/5
  1249 | D:1      | Reached XP level 3. HP: 26/26 MP: 3/6
  1890 | D:2      | You fall into a shaft and drop 1 floor!
  2107 | D:2      | Learned a level 2 spell: Sticks to Snakes
  2188 | D:2      | Reached XP level 4. HP: 15/32 MP: 2/8
  2428 | D:2      | Noticed Natasha
  2858 | D:2      | Found a sacrificial altar of Ru.
  2876 | D:2      | Became a worshipper of Ru the Awakened
  2936 | D:2      | Killed Natasha
  3037 | D:2      | Noticed Natasha
  3053 | D:2      | Killed Natasha
  3381 | D:2      | Noticed Natasha
  3392 | D:2      | Killed Natasha
  3392 | D:2      | Reached XP level 5. HP: 24/37 MP: 7/9
  3538 | D:3      | Noticed Purgy
  3561 | D:3      | Killed Purgy
  3561 | D:3      | Reached skill level 5 in Dodging
  3561 | D:3      | Reached skill level 5 in Transmutations
  3561 | D:3      | Reached XP level 6. HP: 14/43 MP: 3/11
  4103 | D:3      | Found a stormy altar of Qazlal.
  4460 | D:4      | Learned a level 5 spell: Blade Hands
  4785 | D:4      | Reached XP level 7. HP: 47/48 MP: 11/13
  4859 | D:4      | Reached skill level 1 in Armour
  5135 | D:4      | Gained mutation: You are somewhat inexperienced. (-2 XL)
                  | [Ru sacrifice]
  5135 | D:4      | Reached XP level 6. HP: 43/43 MP: 12/12
  5135 | D:4      | Reached XP level 5. HP: 37/37 MP: 11/11
  5135 | D:4      | Reached * piety under Ru
  5135 | D:4      | Reached ** piety under Ru
  5428 | D:5      | Entered Level 5 of the Dungeon
  5615 | D:5      | Noticed Dowan
  5634 | D:5      | Reached XP level 6. HP: 36/43 MP: 10/12
  5635 | D:5      | Noticed Pikel
  5644 | D:5      | Noticed a slave
  5705 | D:4      | Killed Pikel
  5705 | D:4      | Reached skill level 5 in Spellcasting
  5705 | D:4      | Reached XP level 7. HP: 21/48 MP: 10/14
  5894 | D:5      | Noticed Edmund
  5903 | D:5      | Killed Eustachio
  5992 | D:4      | Killed Edmund
  6241 | D:5      | Reached XP level 8. HP: 54/54 MP: 14/16
  6751 | D:6      | Noticed Prince Ribbit
  6766 | D:6      | Killed Prince Ribbit
  7204 | D:5      | Noticed Duvessa
  7416 | D:5      | Killed Duvessa
  7416 | D:5      | Reached XP level 9. HP: 53/59 MP: 15/19
  7424 | D:5      | Killed Dowan
  7771 | D:7      | Gained mutation: You cannot be stealthy. [Ru sacrifice]
  7771 | D:7      | Reached *** piety under Ru
  7785 | D:7      | Found a glowing silver altar of Zin.
  7867 | D:7      | Found a runed translucent door.
  7871 | D:7      | Noticed Quickbrownfox's ghost (novice DsAK)
  7944 | D:7      | Reached skill level 10 in Transmutations
  8168 | D:7      | Found a staircase to the Ecumenical Temple.
  8175 | Temple   | Entered the Ecumenical Temple
  8332 | D:8      | Found a radiant altar of Vehumet.
  8332 | D:8      | Found an opulent altar of Gozag.
  8332 | D:8      | Found a shadowy altar of Dithmenos.
  8332 | D:8      | Found a white marble altar of Elyvilon.
  8332 | D:8      | Found a glowing golden altar of the Shining One.
  8341 | D:8      | Found a hazy altar of Hepliaklqana.
  8341 | D:8      | Found a glowing silver altar of Zin.
  8948 | D:8      | Found a bloodstained altar of Trog.
  9313 | D:8      | Reached XP level 10. HP: 68/68 MP: 18/22
  9372 | D:8      | Found a shimmering altar of Xom.
  9373 | D:8      | Found a shimmering altar of Xom.
  9373 | D:8      | Found a shimmering altar of Xom.
  9373 | D:8      | Found a shimmering altar of Xom.
  9406 | D:8      | Found a shimmering altar of Xom.
  9406 | D:8      | Found a shimmering altar of Xom.
  9429 | D:8      | Noticed a guardian serpent
  9429 | D:8      | a yak changed into a guardian serpent
  9433 | D:8      | a guardian serpent changed into a redback
  9456 | D:8      | Found a shattered altar of Ashenzari.
  9536 | D:8      | Noticed a glowing orange brain
  9677 | D:9      | Noticed a two-headed ogre
  9681 | D:9      | Killed a two-headed ogre
  9759 | D:9      | Found a snail-covered altar of Cheibriados.
  9940 | D:9      | Gained mutation: Your casting is slightly disrupted. [Ru
                  | sacrifice]
  9982 | D:9      | Noticed a two-headed ogre
  9989 | D:9      | Killed a two-headed ogre
  9989 | D:9      | Reached skill level 5 in Unarmed Combat
 10140 | D:9      | Found an ornate altar of the Wu Jian Council.
 10470 | D:10     | Entered Level 10 of the Dungeon
 10496 | D:10     | Reached skill level 5 in Fighting
 10533 | D:10     | Reached XP level 11. HP: 87/87 MP: 23/23
 10743 | D:10     | Found a staircase to the Lair.
 10782 | D:10     | Noticed an unseen horror
 10786 | D:10     | Killed an unseen horror
 10904 | D:10     | Found a staircase to the Orcish Mines.
 10936 | D:10     | Reached XP level 12. HP: 78/95 MP: 17/24
 11017 | D:10     | Found Iptes's Armour Shoppe.
 11064 | D:10     | Found Tutot's Food Shoppe.
 11064 | D:10     | Found Osidiumisch's Antique Armour Shoppe.
 11064 | D:10     | Found Hoonuuru's Armour Shoppe.
 11181 | D:10     | Reached skill level 10 in Unarmed Combat
 11304 | D:10     | Reached skill level 10 in Dodging
 11310 | D:10     | Noticed a two-headed ogre
 11327 | D:10     | Killed a two-headed ogre
 11500 | D:10     | Got a steaming turquoise ring
 11508 | D:10     | Identified the ring of Nemelex Xobeh's Regard {Wiz +Blink
                  | rF+ rN++} (You found it on level 10 of the Dungeon)
 11987 | D:11     | Noticed Snorg
 12115 | D:11     | Noticed a two-headed ogre
 12141 | D:11     | Killed Snorg
 12141 | D:11     | Reached skill level 10 in Fighting
 12195 | D:11     | Killed a two-headed ogre
 12525 | D:11     | Noticed a two-headed ogre
 12602 | D:11     | Killed a two-headed ogre
 12722 | D:11     | Noticed Erica
 12733 | D:11     | Killed Erica
 12748 | D:11     | Noticed a death knight
 12759 | D:11     | Killed a death knight
 13033 | Orc:1    | Entered Level 1 of the Orcish Mines
 13173 | Orc:1    | Found Etwen's Armour Shoppe.
 13333 | Orc:2    | Entered Level 2 of the Orcish Mines
 13333 | Orc:2    | Found a staircase to the Elven Halls.
 13333 | Orc:2    | Noticed an orc warlord
 13335 | Orc:2    | Noticed a sun demon
 13344 | Orc:1    | Mangled by an orc warrior

Illustrated notes

Levels and vault maps discovered:
D:1:      dpeg_arrival_ternary, layout_basic
D:2:      layout_basic, lemuel_doored_altar, chequers_mini_garden, minivault_11,
          uniq_natasha
D:3:      layout_loops_ring, nicolae_overflow_crystal_walls, uniq_purgy
D:4:      layout_loops_corners, first_ration, minmay_crossroads
D:5:      layout_rooms, kennysheep_generic_room_4, uniq_pikel, uniq_duvessa,
          uniq_edmund, uniq_eustachio
D:6:      layout_gridville, st_stairs_8, uniq_prince_ribbit1
D:7:      layout_rooms, temple_green, ebering_ghost_reflecting_pool, basic_altar
D:8:      layout_rooms, grunt_temple_overflow_open, kennysheep_mini_moat,
          xom_shifter_show
D:9:      layout_irregular_city, nicolae_overflow_hidden_temple,
          cheibrodos_worm_habitat
D:10:     layout_roguey, erik_lair_orcish_takeover, david_orc_3,
          hangedman_fish_farm, kennysheep_donut, minmay_shop_grid_forest,
          minmay_ruffians
D:11:     layout_rooms, uniq_erica, uniq_snorg
Temple:   nicolae_temple_figure_zero
Orc:1:    layout_caves, serial_shops, nicolae_shop_trees,
          nicolae_shop_overgrown_old_shop, shop
Orc:2:    st_orc_elflike, layout_diamond_mine, serial_shops,
          nicolae_shop_waterfront

Skill      XL: |  1  2  3  4  5  6  7  8  9 10 11 12 |
---------------+-------------------------------------+-----
Dodging        | 3 4 5 7 9 11 | 11.9
Transmutations | 3 4 5 7 6 9 11 | 11.0
Spellcasting   | 3 5 6 8 |  8.0
Armour         | 2 3 4 |  4.0
Fighting       | 2 8 9 11 | 11.0
Unarmed Combat | 4 9 11 | 11.4

Action                   |  1- 3 |  4- 6 |  7- 9 | 10-12 || total
-------------------------+-------+-------+-------+-------++-------
Melee: Dagger            |   122 |   243 |   319 |    37 ||   721
       Headbutt          |    13 |    28 |    64 |       ||   105
       Unarmed           |     2 |       |    43 |   284 ||   329
       Punch             |     1 |     4 |     3 |    12 ||    20
Throw: Boomerang         |     2 |     1 |       |       ||     3
       Dart              |       |    13 |    23 |       ||    36
 Cast: Beastly Appendage |    23 |    22 |    37 |       ||    82
       Sticks to Snakes  |     1 |    12 |    17 |     5 ||    35
       Blade Hands       |       |       |     7 |    45 ||    52
Invok: Sacrifice Experie |       |     1 |       |       ||     1
       Sacrifice Stealth |       |       |     1 |       ||     1
       Sacrifice Essence |       |       |       |     1 ||     1
       Reject Sacrifices |       |       |       |     1 ||     1
Evoke: Wand              |       |       |     3 |       ||     3
  Use: Scroll            |     3 |     5 |     5 |     3 ||    16
       Potion            |       |       |     3 |     9 ||    12
 Stab: Sleeping          |     1 |       |       |       ||     1
       Distracted        |       |       |     1 |       ||     1
       Invisible         |       |       |       |     1 ||     1
  Eat: Chunk             |     4 |     6 |    10 |    24 ||    44
       Ration            |       |     2 |     1 |     2 ||     5
Armor: Robe              |    30 |       |       |       ||    30
       Leather armour    |       |    20 |       |       ||    20
       Troll leather arm |       |    32 |    46 |    29 ||   107
       Skin              |       |       |    26 |    14 ||    40
Dodge: Dodged            |    69 |   117 |   209 |   240 ||   635
